Map: Neon Violet Square LE

Players

Impact - Winner!

  • Race: Zerg Zerg
  • Spawn Location: 11:00

Zest

  • Race: Protoss Protoss
  • Spawn Location: 5:00

Event: IEM Season 12 - Katowice

VOD

Have the link to the VOD?

Description

Time

  • Played on: March 2, 2018, 5:01 a.m.
  • Length: 12:00

All games in this series

Show
View Real Time Build Order
Export as new Build Order

Impact Zerg - Winner!

Build Orders: Hatch First, Roach Hydra 

Get SALT Encoding   

  12  0:00  Drone  
  13  0:12  Overlord  
  13  0:17  Drone  
  14  0:30  Drone x2  
  14  0:34  Drone  
  17  0:54  Hatchery  
  17  0:56  Drone  
  17  1:00  Drone  
  18  1:06  Drone  
  19  1:15  Extractor  
  18  1:20  Spawning Pool  
  18  1:23  Drone  
  18  1:28  Drone  
  19  1:39  Drone  
  20  1:50  Hatchery  
  20  1:53  Drone  
  20  2:04  Drone  
  20  2:07  Zergling x2  
  22  2:14  Queen  
  24  2:22  Metabolic Boost  
  24  2:26  Zergling x2  
  24  2:29  Zergling x2  
  26  2:31  Zergling x2  
  26  2:35  Overlord  
  27  2:39  Drone  
  28  2:53  Spore Crawler, Drone  
  28  2:58  Drone x2  
  31  2:59  Drone  
  32  3:08  Queen  
  32  3:09  Queen  
  36  3:14  Drone  
  36  3:15  Drone x2, Overlord  
  38  3:21  Drone  
  38  3:23  Drone  
  38  3:24  Overlord  
  40  3:32  Spore Crawler  
  40  3:33  Spore Crawler  
  40  3:34  Spore Crawler, Drone  
  37  3:37  Drone x2  
  40  3:46  Drone  
  40  3:47  Drone x4  
  45  3:52  Queen  
  47  3:55  Drone  
  47  3:58  Drone x2  
  47  4:02  Zergling x4  
  52  4:03  Zergling x2  
  52  4:08  Lair  
  53  4:10  Drone x2  
  53  4:13  Drone, Extractor x2  
  53  4:15  Drone x2  
  56  4:19  Overlord  
  56  4:24  Roach Warren  
  56  4:27  Zergling x6  
  56  4:29  Zergling x2  
  58  4:40  Zergling x12  
  58  4:43  Zergling x2  
  64  4:46  Zergling x2  
  64  4:50  Drone  
  64  4:52  Drone x2  
  65  4:56  Overlord x2  
  65  4:57  Overlord x2  
  65  5:03  Overlord  
  62  5:08  Glial Reconstitution  
  62  5:09  Overseer  
  62  5:12  Overlord  
  59  5:15  Queen  
  59  5:17  Queen  
  63  5:23  Queen  
  63  5:26  Overlord  
  63  5:27  Drone  
  63  5:28  Extractor  
  65  5:30  Overseer  
  65  5:34  Nydus Network  
  62  5:53  Queen  
  64  5:58  Roach x8  
  64  5:59  Roach  
  80  6:05  Roach  
  80  6:07  Roach x2  
  80  6:11  Nydus Canal, Roach  
  82  6:13  Roach  
  82  6:16  Roach  
  82  6:18  Roach  
  88  6:21  Roach  
  88  6:23  Roach  
  90  6:29  Nydus Canal  
  90  6:31  Roach  
  88  6:34  Roach  
  88  6:37  Roach  
  84  6:41  Roach  
  84  6:43  Roach  
  79  6:47  Roach  
  79  6:48  Zergling x12  
  79  6:53  Roach  
  84  6:57  Roach  
  84  6:59  Roach x2  
  85  7:03  Queen  
  85  7:09  Roach x3  
  85  7:11  Roach  
  85  7:14  Roach  
  87  7:18  Roach  
  87  7:19  Drone  
  87  7:21  Drone  
  88  7:24  Drone x2  
  88  7:29  Drone  
  85  7:33  Drone, Roach  
  85  7:36  Roach  
  85  7:37  Queen x2  
  81  7:38  Overlord  
  81  7:40  Roach  
  87  7:45  Roach  
  87  7:46  Roach  
  87  7:50  Drone  
  86  7:52  Ravager  
  86  7:56  Extractor  
  86  7:57  Drone, Hydralisk Den  
  86  7:58  Extractor  
  84  8:02  Drone  
  84  8:03  Evolution Chamber  
  84  8:04  Drone  
  83  8:07  Drone  
  83  8:08  Drone  
  85  8:15  Drone  
  85  8:16  Drone x3  
  89  8:22  Drone  
  89  8:24  Drone  
  89  8:28  Hatchery  
  89  8:29  Grooved Spines  
  89  8:30  Zerg Missile Weapons Level 1, Overlord x2  
  89  8:33  Overlord  
  84  8:37  Drone  
  84  8:38  Drone  
  86  8:42  Hydralisk  
  86  8:43  Hydralisk x2  
  86  8:45  Hydralisk  
  86  8:47  Hydralisk  
  94  8:50  Spore Crawler, Hydralisk  
  94  8:52  Hydralisk  
  95  8:55  Hydralisk  
  95  9:00  Hydralisk  
  99  9:03  Hydralisk x2  
  99  9:06  Hydralisk  
  105  9:11  Hydralisk  
  105  9:13  Hydralisk  
  105  9:15  Hydralisk  
  111  9:19  Overlord x2  
  111  9:22  Drone  
  111  9:23  Drone  
  113  9:25  Drone  
  113  9:27  Overlord  
  113  9:29  Overlord  
  114  9:32  Overseer  
  114  9:34  Overlord  
  114  9:41  Hydralisk x3  
  114  9:44  Muscular Augments  
  120  9:46  Hydralisk  
  120  9:49  Hydralisk  
  120  9:52  Roach  
  124  9:54  Ravager x4  
  124  9:58  Roach  
  124  9:59  Roach  
  130  10:02  Hydralisk  
  130  10:05  Drone x3  
  130  10:06  Drone  
  136  10:12  Roach x2  
  140  10:15  Roach  
  140  10:16  Roach  
  140  10:18  Overlord  
  140  10:20  Drone x2  
  144  10:22  Drone  
  144  10:24  Roach  
  144  10:26  Overlord  
  147  10:29  Roach  
  147  10:31  Roach  
  147  10:35  Roach x2  
  154  10:39  Roach x2  
  154  10:40  Overseer  
  157  10:43  Overlord  
  157  10:45  Overlord  
  157  10:47  Roach  
  157  10:49  Ravager x3  
  163  10:50  Ravager  
  163  10:51  Ravager x3  
  163  10:55  Nydus Canal  
  166  10:58  Roach, Zergling x4  
  166  11:02  Zergling x4  
  172  11:04  Zergling x2  
  172  11:05  Extractor  
  172  11:09  Nydus Canal  
  172  11:16  Roach x2, Zergling x2  
  172  11:17  Zergling x10  
  174  11:25  Roach x2, Zergling x10  
  177  11:28  Hydralisk, Zergling x2  
  177  11:31  Hydralisk  
  167  11:34  Roach, Zergling x2  
  167  11:36  Zergling x2  
  167  11:39  Nydus Canal  
  163  11:40  Roach  
  163  11:41  Zergling x2  
Show
View Real Time Build Order
Export as new Build Order

Zest Protoss 

Build Orders: 1 Gate Expand 

Get SALT Encoding   

  12  0:00  Probe  
  13  0:12  Probe  
  14  0:20  Pylon  
  14  0:24  Probe  
  15  0:39  Probe (Chrono Boost)  
  16  0:43  Gateway  
  16  0:48  Probe (Chrono Boost), Assimilator  
  17  0:53  Probe  
  18  1:05  Probe  
  19  1:17  Probe  
  20  1:25  Nexus  
  20  1:36  Cybernetics Core  
  20  1:38  Probe  
  21  1:46  Assimilator  
  21  1:50  Probe  
  21  1:53  Pylon  
  22  2:02  Probe  
  23  2:10  Adept (Chrono Boost)  
  23  2:13  Warp Gate  
  23  2:14  Probe  
  26  2:27  Probe (Chrono Boost)  
  26  2:29  Stalker  
  30  2:37  Probe (Chrono Boost)  
  30  2:39  Probe (Chrono Boost)  
  31  2:46  Probe (Chrono Boost)  
  31  2:47  Probe (Chrono Boost)  
  33  2:51  Probe (Chrono Boost)  
  33  2:53  Probe  
  35  2:59  Adept  
  35  3:03  Probe  
  35  3:05  Probe  
  39  3:15  Probe  
  39  3:16  Shield Battery  
  39  3:17  Probe  
  41  3:20  Gateway  
  41  3:21  Gateway  
  41  3:26  Adept  
  43  3:31  Pylon  
  43  3:32  Probe  
  43  3:33  Probe  
  45  3:43  Stargate  
  45  3:44  Stargate  
  45  3:48  Pylon  
  45  3:49  Probe x2  
  47  4:01  Probe x2  
  47  4:02  Assimilator  
  49  4:05  Assimilator  
  49  4:13  Probe x2, Pylon  
  49  4:15  Adept  
  49  4:16  Adept x2  
  57  4:28  Phoenix x2 (Chrono Boost)  
  61  4:34  Probe x2  
  63  4:51  Phoenix x2 (Chrono Boost)  
  65  4:55  Nexus  
  65  4:58  Pylon  
  63  5:12  Phoenix  
  63  5:13  Phoenix  
  67  5:18  Pylon  
  67  5:19  Probe x2  
  69  5:24  Robotics Facility  
  69  5:25  Forge  
  69  5:32  Probe x2  
  71  5:38  Pylon  
  71  5:44  Probe x2  
  73  5:55  Sentry  
  73  5:56  Probe x2, Sentry x2, Robotics Facility  
  81  6:04  Gateway  
  81  6:05  Gateway  
  81  6:07  Gateway  
  79  6:20  Stalker  
  79  6:21  Stalker x2  
  79  6:22  Shield Battery  
  80  6:35  Immortal (Chrono Boost)  
  74  6:45  Adept  
  74  6:46  Adept  
  63  6:53  Adept  
  47  7:05  Adept x2  
  51  7:14  Stalker x2  
  51  7:15  Stalker  
  53  7:27  Adept  
  53  7:28  Adept  
  57  7:31  Adept  
  55  7:45  Probe x3 (Chrono Boost)  
  56  7:57  Probe x3 (Chrono Boost)  
  59  8:04  Probe x3 (Chrono Boost)  
  62  8:06  Protoss Ground Weapons Level 1  
  62  8:11  Probe x3  
  65  8:20  Immortal (Chrono Boost)  
  65  8:23  Probe x3  
  72  8:30  Sentry  
  72  8:31  Zealot  
  72  8:34  Zealot  
  78  8:42  Probe x3 (Chrono Boost)  
  81  8:49  Immortal (Chrono Boost)  
  81  8:54  Probe x2 (Chrono Boost)  
  81  8:55  Probe (Chrono Boost)  
  88  8:59  Probe (Chrono Boost), Assimilator  
  88  9:00  Probe (Chrono Boost)  
  88  9:02  Probe (Chrono Boost), Assimilator  
  90  9:09  Probe  
  92  9:13  Probe  
  92  9:16  Probe  
  94  9:24  Twilight Council  
  94  9:25  Immortal (Chrono Boost)  
  99  9:31  Observer (Chrono Boost)  
  99  9:34  Pylon  
  99  9:37  Pylon  
  99  9:52  Immortal (Chrono Boost)  
  101  9:57  Sentry x2  
  101  9:59  Immortal (Chrono Boost)  
  109  10:03  Charge, Templar Archives  
  109  10:21  Immortal (Chrono Boost)  
  109  10:24  Observer  
  109  10:25  Pylon, Immortal (Chrono Boost)  
  117  10:29  Psionic Storm  
  117  10:48  High Templar x2  
  121  10:52  Photon Cannon  
  121  10:53  Pylon  
  121  10:55  Nexus  
  121  11:01  High Templar  
  114  11:26  Zealot x5  
  107  11:36  Stalker  
  84  11:43  Probe x2  
  71  11:50  Zealot x2  
  71  11:51  Zealot x2  

Tags
 
Add a new tag
Caveats
  • Supply blocks, unpowered buildings, or Contaminate may cause inaccurate times.
  • Supply counts are checked every 10 seconds.